 Dungeon Crawl Stone Soup version 0.30.1-4-g462c640d31 (webtiles) character file.

Game seed: 2789928660016571002

761 safid the Chiller (level 7, -3/55 HPs)
             Began as a Merfolk Ice Elementalist on Aug 17, 2023.
             Was a Follower of Vehumet.
             Engulfed by a cloud of steam (8 damage)
             ... on level 5 of the Dungeon.
             The game lasted 00:06:20 (5223 turns).

safid the Chiller (Merfolk Ice Elementalist)        Turns: 5223, Time: 00:06:20

Health: -3/55      AC:  2    Str:  8    XL:     7   Next: 80%
Magic:  7/13       EV: 17    Int: 16    God:    Vehumet [*.....]
Gold:   167        SH:  0    Dex: 15    Spells: 8/15 levels left

rFire   . . .        h - +0 rapier
rCold   . . .        (no shield)
rNeg    . . .        a - +0 robe
rPois   .            (no helmet)
rElec   .            (no cloak)
rCorr   .            (no gloves)
SInv    +            (boots currently unavailable)
Will    .....        (no amulet)
Stlth   +++          o - ring of see invisible
HPRegen 0.29/turn    (no ring)
MPRegen 0.13/turn

%: no passive effects
@: very quick
A: nimble swimmer 2, mertail
a: Renounce Religion


You were on level 5 of the Dungeon.
You worshipped Vehumet.
Vehumet was aware of your devotion.
You visited 1 branch of the dungeon, and saw 5 of its levels.

You collected 167 gold pieces.

Inventory:

Hand Weapons
 h - a +0 rapier (weapon)
Missiles
 m - a throwing net
Armour
 a - a +0 robe (worn)
Jewellery
 o - a ring of see invisible (left hand)
Scrolls
 c - 2 scrolls of poison {unknown}
 d - a scroll of enchant armour {unknown}
 g - 5 scrolls of teleportation {unknown}
 j - 5 scrolls of identify {unknown}
 l - a scroll of fog {unknown}
Potions
 b - a potion of magic
 e - 5 potions of heal wounds
 f - 3 potions of curing {unknown}
 i - a potion of lignification {unknown}
 k - a potion of haste {unknown}
 n - a potion of brilliance {unknown}
 p - a potion of berserk rage {unknown}
 q - a potion of ambrosia {unknown}
 r - 2 potions of might {unknown}


   Skills:
 + Level 4.6 Fighting
 + Level 4.9 Dodging
 - Level 2.1 Stealth
 + Level 4.5 Spellcasting
 + Level 6.5 Ice Magic


You had 8 spell levels left.
You knew the following spells:

 Your Spells              Type           Power      Damage    Failure   Level
a - Freeze                Ice            96%        1d10      1%          1
b - Frozen Ramparts       Ice            48%        1d8       3%          3
c - Ozocubu's Armour      Ice            24%        N/A       3%          3

Your spell library contained the following spells:

 Spells                   Type           Power      Damage    Failure   Level
 Kiss of Death            Conj/Necr      12%        2d6       16%         1
 Magic Dart               Conj           12%        1d3       16%         1
 Shock                    Conj/Air       12%        1d3       16%         1
 Slow                     Hex            12%        N/A       16%         1
 Cigotuvi's Dreadful Rot  Necr/Pois/Air  6%         N/A       24%         2
 Static Discharge         Conj/Air       6%         2-3/arc   24%         2
 Summon Ice Beast         Ice/Summ       14%        N/A       38%         4
 Swiftness                Air            3%         N/A       43%         3
 Airstrike                Air            1%         2d(1-17)  85%         4
 Dispel Undead            Necr           3%         3d7       85%         4
 Summon Lightning Spire   Summ/Air       3%         N/A       85%         4
 Death Channel            Necr           1%         N/A       100%        6


Dungeon Overview and Level Annotations

Branches:
Dungeon (5/15)
 Temple: D:4-7

Altars:
Ashenzari
Gozag
Hepliaklqana
Kikubaaqudgha
Qazlal
Sif Muna
Uskayaw
Vehumet
Xom

Shops:
D:3 =

Annotations:
D:4 3 runed translucent doors, Lenny's ghost, amateur GrRe


Innate Abilities, Weirdness & Mutations

You are very nimble when in or above water. (Stealth+, EV+, Speed+++)
Your lower body shifts to a powerful aquatic tail in water.


Message History

The boomerang misses you. The heat melts your icy armour.
Unknown command.
You barely miss the orc wizard. You tail-slap the orc wizard.
The orc wizard is lightly wounded.
You are engulfed in a cloud of scalding steam.
The orc throws a boomerang.
The boomerang barely misses you.
The orc wizard hits you with a +0 dagger.
The orc wizard hits you but does no damage.
The orc barely misses you. The heat melts your icy armour.
You hit the orc wizard.
The orc wizard is heavily wounded.
The orc hits you from afar with a +0 trident.
The orc wizard hits you with a +0 dagger.
* * * LOW HITPOINT WARNING * * *
Unknown command.
You closely miss the orc wizard. You tail-slap the orc wizard.
The orc wizard is severely wounded.
The frozen ramparts melt away.
The orc wizard hits you but does no damage.
The orc is engulfed in a cloud of scalding steam.
The orc dies!
You hit the orc wizard but do no damage.
The orc wizard is severely wounded.
The orc wizard gestures at you while chanting.
The puff of flame hits you!
Your icy armour melts away.
* * * LOW HITPOINT WARNING * * *
Unknown command.
Casting: Ozocubu's Armour (dangerous; 3% risk of failure)
Confirm with . or Enter, or press ? or * to list all spells.
Aiming: Freeze (safe; 1% risk of failure)
Press: ? - help, Shift-Dir - straight line, f - orc wizard
Aim: an orc wizard, wielding a +0 dagger and wearing a +0 robe (severely wounded)
You freeze the orc wizard!
You kill the orc wizard!
Vehumet accepts your kill.
You are engulfed in a cloud of scalding steam.
You die...

............. ....#......# .
...#......## .. #..#........
......#........... ....
............. ....
#....###..)......... ....
#...##..)))....... ...
#...#≈~.≈@#......
###..###...~≈~~~≈~.###.###
..#....#.~≈~≈~≈≈≈~~≈.....
........~~#≈~..~~≈≈#~..# .##
...# #.†≈≈≈≈~...≈≈≈≈≈†###..#
...# #.#≈≈≈##.8#≈≈≈≈~≈##....
...###~≈#≈≈≈~~.#≈≈≈≈≈~~.....
...##.~≈≈≈~~~...~≈≈≈~#~.....
....†..~≈~~~~.<.~≈~~~#......


There were no monsters in sight!

Vanquished Creatures
  A water moccasin (D:5)
  An ice beast (D:5)
  An ogre (D:4)
  An orc priest (D:3)
  2 hounds (D:4)
  A jelly (D:4)
  An iguana (D:4)
  4 orc wizards
  A sleepcap (D:4)
  A gnoll (D:1)
  9 adders
  2 worms (D:4)
  8 dart slugs
  13 orcs
  9 ball pythons
  5 bats
  6 endoplasms
  5 giant cockroaches
  10 hobgoblins
  10 jackals
  5 kobolds
  6 quokkas
  6 frilled lizards
  6 goblins
  5 rats
119 creatures vanquished.

Vanquished Creatures (others)
  An orc (D:5)
1 creature vanquished.

Grand Total: 120 creatures vanquished

Notes
Turn   | Place    | Note
-------+----------+-------------------------------------------
     0 | D:1      | safid the Merfolk Ice Elementalist began the quest for the
                  | Orb.
     0 | D:1      | Reached XP level 1. HP: 13/13 MP: 3/3
    18 | D:1      | Found a faded altar of an unknown god.
    62 | D:1      | Got Plato's Octavo of Interference
   201 | D:1      | Reached XP level 2. HP: 20/20 MP: 3/5
   343 | D:1      | Reached skill level 1 in Fighting
   524 | D:1      | Reached XP level 3. HP: 13/26 MP: 3/6
  1114 | D:1      | HP: 1/27 [gnoll/+0 club (5)]
  1338 | D:2      | Learned a level 3 spell: Frozen Ramparts
  1426 | D:2      | Learned a level 3 spell: Ozocubu's Armour
  1605 | D:2      | Reached skill level 5 in Ice Magic
  1605 | D:2      | Reached XP level 4. HP: 23/33 MP: 3/8
  2316 | D:3      | Found a stormy altar of Qazlal.
  2451 | D:3      | Found a shimmering altar of Xom.
  2557 | D:3      | Found a broken altar of Ashenzari.
  2711 | D:3      | Noticed a +0 short sword
  2711 | D:3      | Noticed a +0 dagger
  2711 | D:3      | Noticed a +0 falchion
  2711 | D:3      | Noticed a +0 short sword
  2711 | D:3      | Noticed a +0 spear
  2712 | D:3      | Noticed a +0 falchion
  2725 | D:3      | Noticed a +0 dagger
  2725 | D:3      | Noticed a +0 spear
  2745 | D:3      | Found Murista's Jewellery Emporium.
  2759 | D:3      | Reached XP level 5. HP: 37/39 MP: 6/9
  3144 | D:3      | Found a hazy altar of Hepliaklqana.
  3236 | D:3      | Found a hide-covered altar of Uskayaw.
  3379 | D:3      | Found an ancient bone altar of Kikubaaqudgha.
  3379 | D:3      | Found a shimmering blue altar of Sif Muna.
  3382 | D:3      | Found a radiant altar of Vehumet.
  3387 | D:3      | Got Vehumet's Book of Trauma
  3389 | D:3      | Became a worshipper of Vehumet
  3467 | D:4      | Found a runed translucent gate.
  3472 | D:4      | Reached XP level 6. HP: 42/47 MP: 7/11
  4168 | D:4      | Reached skill level 6 in Ice Magic
  4274 | D:4      | Reached XP level 7. HP: 53/53 MP: 5/13
  4405 | D:4      | Reached * piety under Vehumet
  4405 | D:4      | Offered knowledge of Kiss of Death by Vehumet.
  4533 | D:4      | Found a runed translucent gate.
  4533 | D:4      | Found a runed translucent gate.
  4534 | D:4      | Found an opulent altar of Gozag.
  4535 | D:4      | Noticed Lenny's ghost (amateur GrRe)
  4787 | D:5      | Entered Level 5 of the Dungeon
  5223 | D:5      | Engulfed by a cloud of steam

Illustrated notes

Levels and vault maps discovered:
D:1:      lightli_arrival_isolated_outpost, layout_basic,
          shapermc_ecumenical_altar_rom_forum, st_stairs_6
D:2:      layout_basic
D:3:      layout_loops_ring, grunt_temple_overflow_magic_moments,
          mainiacjoe_overflow_brackets, nicolae_qazlal_general_emergency,
          lemuel_round_altar, nicolae_uskayaw_en_pointe,
          mainiacjoe_overflow_paths, serial_shops, shop, grunt_ministairs_7
D:4:      layout_basic, ebering_ghost_gozag
D:5:      kennysheep_slugbush, layout_cave_pools, nicolae_tso_carved_into_rock

Skill      XL: |  1  2  3  4  5  6  7 |
---------------+----------------------+-----
Fighting       | 1 2 3 4 |  4.6
Ice Magic      | 5 6 |  6.5
Spellcasting   | 3 4 |  4.5
Dodging        | 3 4 |  4.9
Stealth        | |  2.1

Action                     |  1- 3 |  4- 6 |  7- 9 || total
---------------------------+-------+-------+-------++-------
  Melee: Dagger            |    54 |       |       ||    54
         Rapier            |     3 |    84 |    71 ||   158
         Punch             |     1 |     3 |     1 ||     5
         Tailslap          |       |       |     8 ||     8
   Cast: Freeze            |    39 |    48 |     9 ||    96
         Frozen Ramparts   |       |    11 |     5 ||    16
         Ozocubu's Armour  |       |     4 |     5 ||     9
    Use: Potion            |       |       |     1 ||     1
   Stab: Sleeping          |     2 |     3 |     1 ||     6
 Armour: Robe              |    21 |    27 |    28 ||    76
  Dodge: Dodged            |    65 |    90 |    53 ||   208
